 Dungeon Crawl Stone Soup version 0.29.1-1-gd02db6906a (webtiles) character file.

Game seed: 7644209188904105276

3558 LustLizard the Slasher (level 9, -1/69 HPs)
             Began as a Demonspawn Gladiator on Oct 13, 2022.
             Slain by a gnoll sergeant
             ... wielding a +0 spear
              (10 damage)
             ... on level 8 of the Dungeon.
             The game lasted 00:10:05 (7349 turns).

LustLizard the Slasher (Demonspawn Gladiator)       Turns: 7349, Time: 00:10:05

Health: -1/69      AC: 11    Str: 15    XL:     9   Next: 83%
Magic:  9/9        EV: 13    Int:  9    God:
Gold:   114        SH:  0    Dex: 25    Spells: 8/8 levels left

rFire   . . .      SeeInvis .   H - +3 long sword
rCold   . . .      Faith    .   (no shield)
rNeg    . . .      Spirit   .   G - +0 scale mail
rPois   .          Reflect  .   c - +0 helmet
rElec   .          Harm     .   x - +1 cloak
rCorr   .          Rampage  .   E - +0 pair of gloves
Will    .....                   (no boots)
Stlth   ..........              (no amulet)
HPRegen 1.21/turn               j - +6 ring of dexterity
MPRegen 0.11/turn               (no ring)

@: confused, lethally poisoned (-1 -> -3), ambrosia-drunk
A: claws 1, powered by death 1, spiny 2
a: no special abilities


You were on level 8 of the Dungeon.
You visited 2 branches of the dungeon, and saw 9 of its levels.

You collected 284 gold pieces.
You spent 170 gold pieces at shops.

Inventory:

Hand Weapons
 a - a +0 long sword
 A - a +5 falchion
 H - a +3 long sword (weapon)
Missiles
 d - 2 throwing nets
 e - 11 javelins
 s - 3 poisoned darts
 t - 26 stones (quivered)
 D - a boomerang
Armour
 b - a +0 leather armour
 c - a +0 helmet (worn)
 l - a +0 ring mail
 x - a +1 cloak (worn)
 E - a +0 pair of gloves (worn)
 G - a +0 scale mail (worn)
Jewellery
 j - a +6 ring of dexterity (left hand)
Wands
 C - a wand of polymorph (9)
 J - a wand of flame (4)
 K - a wand of charming (8)
Scrolls
 h - 2 scrolls of torment {unknown}
 k - a scroll of enchant armour {unknown}
 m - a scroll of fear {unknown}
 n - 3 scrolls of amnesia {unknown}
 o - 2 scrolls of vulnerability {unknown}
 q - 2 scrolls of enchant weapon {unknown}
 r - 2 scrolls of teleportation
 u - 2 scrolls of butterflies {unknown}
 w - 3 scrolls of immolation {unknown}
 y - 3 scrolls of identify
Potions
 f - a potion of ambrosia
 g - 4 potions of attraction
 v - 2 potions of heal wounds {unknown}
 z - 2 potions of flight {unknown}
 F - 2 potions of brilliance {unknown}
 I - a potion of lignification {unknown}
 L - a potion of might {unknown}


   Skills:
 + Level 5.8 Fighting
 * Level 7.7 Long Blades
 - Level 6.0 Throwing
 - Level 4.0 Armour
 + Level 5.7 Dodging
 * Level 3.7 Evocations


You had 8 spell levels left.
You didn't know any spells.
Your spell library contained the following spells:

 Spells                   Type           Power      Damage    Failure   Level
 Sublimation of Blood     Necr           0%         N/A       92%         2
 Ozocubu's Armour         Ice            0%         N/A       99%         3
 Leda's Liquefaction      Hex/Erth       0%         N/A       100%        4
 Petrify                  Tmut/Erth      0%         N/A       100%        4
 Irradiate                Conj/Tmut      0%         3d11      100%        5
 Lee's Rapid Deconstruct  Erth           0%         3d5*      100%        5
 Statue Form              Tmut/Erth      0%         N/A       100%        6
 Ozocubu's Refrigeration  Ice            0%         4d7       100%        7


Dungeon Overview and Level Annotations

Branches:
Dungeon (8/15)             Temple (1/1) D:6
   Lair: D:8-11

Altars:
Cheibriados
Dithmenos
Fedhas
Gozag
Kikubaaqudgha
Makhleb
Nemelex Xobeh
Qazlal
Sif Muna
Wu Jian
Xom
Yredelemnul

Shops:
D:2 *


Innate Abilities, Weirdness & Mutations

You have sharp fingernails.
You regenerate a little health from kills.
You are mostly covered in sharp spines.


Message History

The killer bee stings you but does no damage.
The killer bee completely misses you.
The gnoll sergeant completely misses you.
The killer bee is struck by your spines.
The killer bee closely misses you.
The killer bee stings you but does no damage.
You closely miss the killer bee.
The killer bee is heavily wounded.
You feel very sick.
The killer bee is struck by your spines.
The killer bee stings you.
* * * LOW HITPOINT WARNING * * *
You are lethally poisoned!
The killer bee poisons you! The killer bee stings you.
* * * LOW HITPOINT WARNING * * *
The gnoll sergeant hits you but does no damage.
The killer bee misses you. The killer bee stings you.
* * * LOW HITPOINT WARNING * * *
You slash the killer bee!
You kill the killer bee!
* * * LOW HITPOINT WARNING * * *
You feel very sick.
The killer bee is struck by your spines.
You kill the killer bee!
The gnoll sergeant hits you but does no damage.
You are confused.
You feel invigorated.
* * * LOW HITPOINT WARNING * * *
You feel very sick.
The gnoll sergeant hits you but does no damage.
You feel very sick.
The gnoll sergeant is struck by your spines.
The gnoll sergeant closely misses you.
Things that are here:
a +0 flail; a gnoll corpse You closely miss the gnoll sergeant.
The gnoll sergeant is lightly wounded.
You feel sick.
The gnoll sergeant hits you with a +0 spear!
You die...

###...##.##...........
..###...###...............
........###..######>......
...####.....###...........
.. #...<.##..###.......
#.###....# ...#.....
#..####...# .##......
...##)....##. #......
######@#.......##......
#yyg...#####.. #.yg######
g...# ..# .


You could see a gnoll sergeant, 3 killer bees and a gnoll.

Vanquished Creatures
  Prince Ribbit (D:7)
  A hornet (D:8)
  2 wyverns
  A steam dragon (D:7)
  2 water moccasins
  2 black bears
  An ice beast (D:5)
  2 sky beasts
  3 ogres
  3 centaurs
  3 bullfrogs
  2 scorpions
  6 wights
  7 killer bees (D:8)
  A howler monkey (D:4)
  4 hounds
  A gnoll bouda (D:5)
  2 jellies
  3 iguanas
  Terence (D:2)
  An orc wizard (D:5)
  10 gnolls
  12 adders
  An ufetubus (D:7)
  2 worms
  6 dart slugs
  9 orcs
  7 ball pythons
  3 bats (D:1)
  9 endoplasms
  5 giant cockroaches
  6 goblins
  4 hobgoblins
  7 kobolds
  4 quokkas
  12 frilled lizards
  5 rats
151 creatures vanquished.

Notes
Turn   | Place    | Note
-------+----------+-------------------------------------------
     0 | D:1      | LustLizard the Demonspawn Gladiator began the quest for the
                  | Orb.
     0 | D:1      | Reached XP level 1. HP: 16/16 MP: 1/1
   170 | D:1      | Gained mutation: You regenerate a little health from kills.
                  | [demonic ancestry]
   170 | D:1      | Reached XP level 2. HP: 22/22 MP: 2/2
   555 | D:1      | Reached skill level 3 in Long Blades
   622 | D:1      | Reached XP level 3. HP: 24/27 MP: 3/3
   941 | D:2      | Found a shadowy altar of Dithmenos.
  1017 | D:2      | Found a faded altar of an unknown god.
  1026 | D:2      | Found Urayblaul's General Store.
  1035 | D:2      | Bought a scroll of identify for 22 gold pieces
  1035 | D:2      | Bought a potion of curing for 33 gold pieces
  1370 | D:2      | Noticed Terence
  1379 | D:2      | Killed Terence
  1380 | D:2      | Reached skill level 1 in Armour
  1380 | D:2      | Gained mutation: You are partially covered in sharp spines.
                  | [demonic ancestry]
  1380 | D:2      | Reached XP level 4. HP: 28/34 MP: 4/4
  1757 | D:2      | Bought a scroll of teleportation for 33 gold pieces
  2358 | D:4      | Reached XP level 5. HP: 39/39 MP: 5/5
  2471 | D:4      | You fall into a shaft and drop 2 floors!
  2502 | D:5      | Entered Level 5 of the Dungeon
  2506 | D:5      | Noticed an ogre
  2512 | D:5      | Noticed an ice beast
  2522 | D:5      | Killed an ice beast
  2523 | D:5      | Reached skill level 4 in Long Blades
  2599 | D:4      | Reached XP level 6. HP: 45/47 MP: 6/6
  3011 | D:4      | Reached XP level 7. HP: 48/52 MP: 7/7
  3531 | D:2      | Bought a scroll of blinking for 82 gold pieces
  3818 | D:5      | Reached skill level 5 in Long Blades
  4027 | D:5      | Gained mutation: You are mostly covered in sharp spines.
                  | [demonic ancestry]
  4027 | D:5      | Reached XP level 8. HP: 58/60 MP: 8/8
  4162 | D:5      | Reached skill level 5 in Throwing
  5183 | D:6      | Reached skill level 6 in Long Blades
  5271 | D:6      | Found a staircase to the Ecumenical Temple.
  5284 | Temple   | Entered the Ecumenical Temple
  5780 | D:7      | Gained mutation: You have sharp fingernails. [demonic
                  | ancestry]
  5780 | D:7      | Reached XP level 9. HP: 64/67 MP: 9/9
  5839 | D:7      | Noticed Prince Ribbit
  5852 | D:7      | Killed Prince Ribbit
  5853 | D:7      | Reached skill level 5 in Fighting
  5853 | D:7      | Reached skill level 5 in Dodging
  6218 | D:7      | Reached skill level 1 in Evocations
  6690 | D:7      | Reached skill level 7 in Long Blades
  7099 | D:8      | Paralysed by a hornet for 1 turns
  7104 | D:8      | Paralysed by a hornet for 2 turns
  7113 | D:8      | HP: 1/68 [wyvern (4)]
  7349 | D:8      | Slain by a gnoll sergeant

Illustrated notes

Levels and vault maps discovered:
D:1:      dpeg_arrival_renting, layout_loops_ring, minmay_lizard_pond
D:2:      layout_loops_ring, basic_altar, serial_shops, nicolae_shop_waterfront,
          chequers_ecumenical_altar_simple, uniq_terence
D:3:      cheibrodos_helix_gallery, layout_rooms
D:4:      layout_basic, minmay_small_thing
D:5:      layout_basic, chequers_serial_rivers_micro_a
D:6:      layout_loops_ring, temple_fountains
D:7:      layout_cave_pools, kennysheep_decorative_pillar, uniq_prince_ribbit1
D:8:      layout_rooms
Temple:   regret_index_temple_generic_petals

Skill      XL: |  1  2  3  4  5  6  7  8  9 |
---------------+----------------------------+-----
Throwing       | 2 3 4 6 |  6.0
Long Blades    | 3 4 5 6 7 |  7.7
Armour         | 1 2 3 4 |  4.0
Dodging        | 3 4 5 |  5.7
Fighting       | 3 4 5 |  5.8
Evocations     | 3 |  3.7

Action                   |  1- 3 |  4- 6 |  7- 9 || total
-------------------------+-------+-------+-------++-------
Melee: Long sword        |    98 |    58 |    71 ||   227
       Punch             |     1 |       |     3 ||     4
       Falchion          |       |       |   104 ||   104
Throw: Dart              |       |     4 |     7 ||    11
       Throwing net      |       |     1 |       ||     1
       Javelin           |       |     2 |       ||     2
       Stone             |       |       |    26 ||    26
  Use: Scroll            |     1 |     2 |     1 ||     4
       Potion            |       |       |     8 ||     8
 Stab: Sleeping          |     3 |       |       ||     3
Armor: Leather armour    |    14 |       |       ||    14
       Ring mail         |    36 |    17 |    48 ||   101
       Scale mail        |       |       |    57 ||    57
Dodge: Dodged            |    85 |    32 |   158 ||   275
